 Dungeon Crawl Stone Soup version 0.27-a0-1591-gc56fcc985a (webtiles) character file.

Game seed: 1715597508445160147

146 Conn the Sneak (level 5, -5/31 HPs)
             Began as an Octopode Fire Elementalist on July 19, 2021.
             Killed from afar by Terence (8 damage)
             ... with a puff of flame
             ... on level 3 of the Dungeon.
             The game lasted 00:05:19 (3345 turns).

Conn the Sneak (Octopode Fire Elementalist)         Turns: 3345, Time: 00:05:19

Health: -5/31      AC:  1    Str:  8    XL:     5   Next: 28%
Magic:  10/10      EV: 13    Int: 18    God:
Gold:   124        SH:  0    Dex: 12    Spells: 5/10 levels left

rFire    . . .     SeeInvis .   a - +0 dagger
rCold    . . .     Faith    .   (no shield)
rNeg     . . .     Spirit   .   (helmet restricted)
rPois    .         Reflect  .   (no amulet)
rElec    .         Harm     .   (no ring)
rCorr    .         Rampage  .   (no ring)
Will     .....                  (no ring)
Stlth    +++.......             (no ring)
HPRegen  0.10/turn              (no ring)
MPRegen  0.12/turn              (no ring)
                                (no ring)
                                (no ring)

@: flying
A: almost no armour, amphibious, 8 rings, camouflage 1, gelatinous body 1,
(nimble swimmer 1), tentacles
a: no special abilities


You were on level 3 of the Dungeon.
You visited 1 branch of the dungeon, and saw 3 of its levels.

You collected 124 gold pieces.

Inventory:

Hand Weapons
 a - a +0 dagger (weapon)
Missiles
 d - 53 poisoned darts
Scrolls
 b - a scroll of fear {unknown}
 c - a scroll of silence {unknown}
 f - a scroll of blinking {unknown}
 g - a scroll of immolation {unknown}
 j - 2 scrolls of fog {unknown}
 k - a scroll of magic mapping {unknown}
Potions
 h - a potion of might {unknown}
 i - a potion of flight
 l - a potion of mutation {unknown}


   Skills:
 + Level 0.1 Fighting
 + Level 2.0 Dodging
 + Level 3.7 Stealth
 + Level 3.3 Spellcasting
 + Level 2.8 Conjurations
 + Level 0.2 Summonings
 + Level 3.5 Fire Magic


You had 5 spell levels left.
You knew the following spells:

 Your Spells              Type           Power      Damage    Failure   Level
a - Foxfire               Conj/Fire      56%        2x1d6     4%          1
b - Conjure Flame         Conj/Fire      14%        6-21      13%         3
c - Summon Small Mammal   Summ           12%        N/A       14%         1

Your spell library contained the following spells:

 Spells                   Type           Power      Damage    Failure   Level
 Inner Flame              Hex/Fire       9%         N/A       22%         3
 Call Canine Familiar     Summ           3%         N/A       38%         3
 Summon Guardian Golem    Hex/Summ       3%         N/A       41%         3
 Sticky Flame             Conj/Fire      14%        2d4       41%         4
 Fireball                 Conj/Fire      7%         3d5       77%         5


Dungeon Overview and Level Annotations

Branches:
Dungeon (3/15)

Altars:
Nemelex Xobeh
Okawaru
Zin

Shops:
D:1 (

Annotations:
D:3 Terence


Innate Abilities, Weirdness & Mutations

You cannot wear most types of armour.
You are amphibious.
You can wear up to eight rings at the same time.
Your skin changes colour to match your surroundings (Stealth+).
Your rubbery body absorbs attacks. (AC +1, EV +1)
((You are camouflaged near water. (Stealth+)))
You have tentacles for arms and can constrict up to eight enemies at once.


Message History

The foxfire hits Terence but does no damage.
Terence is lightly wounded.
The foxfire hits Terence.
Terence is lightly wounded.
Casting: Foxfire (safe; 4% risk of failure)
Confirm with . or Enter, or press ? or * to list all spells.
You conjure some foxfire!
Terence zaps a wand.
The puff of flame hits you!
The foxfire hits Terence but does no damage.
Terence is lightly wounded.
Terence zaps a wand.
The puff of flame hits you! Terence misses you.
Terence zaps a wand.
The puff of flame hits you.
* * * LOW HITPOINT WARNING * * *
It was a potion of flight.
You feel very buoyant.
You fly up into the air.
It was a potion of curing.
You feel better. Terence says, "How do you enjoy it?"
Terence hits you with a +2 mace of protection.
Casting: Foxfire (safe; 4% risk of failure)
Confirm with . or Enter, or press ? or * to list all spells.
Okay, then.
Press: ? - help, v - describe, . - travel
Here: Terence, wielding a +2 mace of protection, wearing a +0 chain mail and carrying a wand of flame (7) (lightly wounded)
The floor.
Okay, then.
Okay, then.
Unknown command.
Terence zaps a wand.
The puff of flame misses you.
Terence zaps a wand.
The puff of flame hits you.
Terence zaps a wand.
The puff of flame hits you!
* * * LOW HITPOINT WARNING * * *
You are too injured to fight recklessly!
Okay, then.
Unknown command.
Unknown command.
Okay, then.
Okay, then.
Terence zaps a wand.
The puff of flame hits you!
You die...

.#
#######...........######
.### .<...<...#.##.#####
# .... #######@##....# #
#### #.#####.# # #.# #.#
# #.# #.# # ### #.# #.#
# ..# #.# #.# #
#(######## #@# #.# #
....)....# #.# #.# #
##.###.#(# #.# #.# #
.#.#...#.# #.#####.# #
.#.#.###.# #.#.....#
#### .#)#.#...#
#.#.##### ###...
......._.#######.#.#
#.....
.#.#.#...#.......#.#
#.#.##
.#.#.###.#.#######.#
#.#.#


You could see Terence.

Vanquished Creatures
  Natasha (twice) (D:2)
  3 adders
  2 worms
  2 dart slugs
  An orc (D:3)
  5 endoplasms
  A giant cockroach (D:1)
  9 goblins
  6 hobgoblins
  3 quokkas
  6 ball pythons
  5 bats
  A frilled lizard (D:2)
  6 kobolds
  9 rats
61 creatures vanquished.

Vanquished Creatures (others)
  210 foxfires
210 creatures vanquished.

Grand Total: 271 creatures vanquished

Notes
Turn   | Place    | Note
-------+----------+-------------------------------------------
     0 | D:1      | Conn the Octopode Fire Elementalist began the quest for the
                  | Orb.
     0 | D:1      | Reached XP level 1. HP: 11/11 MP: 3/3
   121 | D:1      | Reached XP level 2. HP: 17/17 MP: 0/5
   861 | D:1      | Reached XP level 3. HP: 21/21 MP: 3/6
   865 | D:1      | Learned a level 3 spell: Conjure Flame
   892 | D:1      | Found Udwaen's Antique Weapon Shop.
  1686 | D:2      | Noticed Natasha
  1693 | D:2      | Learned a level 1 spell: Summon Small Mammal
  1703 | D:2      | Killed Natasha
  1704 | D:2      | Reached XP level 4. HP: 15/27 MP: 0/8
  2563 | D:2      | Found a sparkling altar of Nemelex Xobeh.
  2589 | D:2      | Found a faded altar of an unknown god.
  2628 | D:2      | Noticed Natasha
  2635 | D:2      | Killed Natasha
  2636 | D:2      | Reached XP level 5. HP: 24/31 MP: 5/9
  2937 | D:3      | Found a glowing silver altar of Zin.
  3065 | D:3      | Found an iron altar of Okawaru.
  3312 | D:3      | Noticed Terence
  3345 | D:3      | Killed from afar by Terence

Illustrated notes

Levels and vault maps discovered:
D:1:      minmay_arrival_solitary_statue, layout_basic, serial_shops, shop,
          hangedman_decor_growths, chequers_serial_rivers_large_b,
          minmay_distorted
D:2:      layout_basic, basic_altar, ebering_ecumenical_altar_sacrificial,
          minmay_misc_feat_cross, uniq_natasha
D:3:      layout_loops_ring, mainiacjoe_overflow_large_starburst,
          grunt_ministairs_9, uniq_terence

Skill      XL: |  1  2  3  4 |
---------------+-------------+-----
Stealth        | 3 |  3.7
Conjurations   | 2 |  2.8
Spellcasting   | 3 |  3.3
Fighting       | |  0.1
Dodging        | |  2.0
Summonings     | |  0.2
Fire Magic     | |  3.5

Action                   |  1- 3 |  4- 6 || total
-------------------------+-------+-------++-------
Melee: Dagger            |     6 |     3 ||     9
       Constrict         |     2 |       ||     2
       Tentacles         |     1 |       ||     1
 Cast: Foxfire           |    63 |    53 ||   116
       Summon Small Mamm |     4 |     1 ||     5
  Use: Potion            |       |     2 ||     2
 Stab: Sleeping          |       |     3 ||     3
Armor: Skin              |     2 |       ||     2
Dodge: Dodged            |     9 |     8 ||    17

Table legend: (Time is in decaauts)
 A = Elapsed time spent in this place.
 B = Non-inter-level travel time spent in this place.
 C = Inter-level travel time spent in this place.
 D = Time resting spent in this place.
 E = Time spent auto-exploring this place.
 F = Levels seen in this place.
 G = Mean time per level.
                   A        B        C        D        E       F      G
               +--------+--------+--------+--------+--------+-----+--------+
         Total |   3344 |   3320 |     24 |    118 |   2610 |   3 | 1114.7 |
       Dungeon |   3344 |   3320 |     24 |    118 |   2610 |   3 | 1114.7 |
               +--------+--------+--------+--------+--------+-----+--------+

Top non-repeatable levels by time:
     D:1: 1474 daAuts
     D:2: 1231 daAuts
     D:3: 639 daAuts
